 Dungeon Crawl Stone Soup version 0.17-a0-1838-g891d947 (webtiles) character file.

529 ololoev the Conjurer (level 7, 50/50 HPs)
             Began as a Mottled Draconian Conjurer on Sept 15, 2015.
             Quit the game on level 5 of the Dungeon.
             The game lasted 00:09:53 (4396 turns).

ololoev the Conjurer (Mottled Draconian Conjurer)   Turns: 4396, Time: 00:09:53

Health: 50/50      AC:  6    Str: 11    XL:     7   Next: 3%
Magic:  13/13      EV: 12    Int: 17    God:
Gold:   237        SH:  0    Dex: 11    Spells: 2 memorised, 11 levels left

rFire  + . .     SeeInvis .     a - +6 whip (elec)
rCold  . . .     Clarity  .     (armour unavailable)
rNeg   . . .     SustAt   .     (no shield)
rPois  .         Gourm    .     (helmet restricted)
rElec  .         Spirit   .     (no cloak)
rCorr  .         Warding  .     (no gloves)
rMut   .         Stasis   .     (no boots)
MR     .....                    (no amulet)
Stlth  ++........               (no ring)
                                n - ring of protection from fire

@: flying (expiring), not resistant to hostile enchantments, unstealthy
A: breathe sticky flame splash, unfitting armour, cold-blooded, AC +6
a: Breathe Sticky Flame


Innate Abilities, Weirdness & Mutations

You can spit globs of burning liquid.
You can ignite nearby creatures when you spit burning liquid.
Your weird mottled scales are hard (AC +6).
Your body does not fit into most forms of armour.
You are cold-blooded and may be slowed by cold attacks.

Inventory:

Hand weapons
 a - a +6 whip of electrocution (weapon)
 b - a +0 blowgun
Missiles
 y - 5 curare-tipped needles
Jewellery
 n - a ring of protection from fire (left hand)
Scrolls
 c - 2 scrolls of noise {unknown}
 f - 3 scrolls of teleportation {unknown}
 j - 2 scrolls of recharging {unknown}
 m - 2 scrolls of random uselessness {unknown}
 o - a scroll of immolation {unknown}
 q - 2 scrolls of remove curse {unknown}
 r - 2 scrolls of magic mapping {unknown}
 w - 3 scrolls of identify {unknown}
 B - a scroll of amnesia {unknown}
Books
 p - a book of Conjurations

   Spells                             Type                      Level
   a - Magic Dart                     Conjuration                  1
   b - Searing Ray                    Conjuration                  2
   c - Dazzling Spray                 Conjuration/Hexes            3
   d - Fulminant Prism                Conjuration/Hexes            4
   e - Iskenderun's Mystic Blast      Conjuration                  4
   f - Iskenderun's Battlesphere      Conjuration/Charms           5
Comestibles
 d - 5 meat rations
 g - a slice of pizza
 u - 2 beef jerkies
 z - 5 bread rations


   Skills:
 - Level 1.7 Dodging
 - Level 1.7 Stealth
 + Level 4.3 Spellcasting
 * Level 7.3 Conjurations


You had 11 spell levels left.
You knew the following spells:

 Your Spells              Type           Power        Failure   Level  Hunger
a - Magic Dart            Conj           ####         1%          1    None
b - Searing Ray           Conj           ####..       1%          2    ##.....


You were on level 5 of the Dungeon.
You were not hungry.

You visited 1 branch of the dungeon, and saw 5 of its levels.

You collected 237 gold pieces.

#.............
#.#..........#
#.#.##.#.###.#
.......#.# .#
#.#.#############
#.#.#####)#_#8#.####
#.......8.#.#.#.#.⌠#
....###...........##
................@._#
#.....##8.#.#.#.#.##
#.......###.#####.#
......### ### ##
......# #....(#
###$### ...

Notes
Turn   | Place    | Note
--------------------------------------------------------------
     0 | D:1      | ololoev the Draconian Conjurer began the quest for the Orb.
     0 | D:1      | Reached XP level 1. HP: 14/14 MP: 3/3
   375 | D:1      | Reached XP level 2. HP: 20/20 MP: 1/5
   394 | D:1      | Learned a level 2 spell: Searing Ray
  1104 | D:2      | Reached XP level 3. HP: 26/26 MP: 4/6
  1273 | D:2      | Found a blossoming altar of Fedhas.
  2171 | D:3      | Found a shattered altar of Ashenzari.
  2227 | D:3      | Noticed Terence
  2261 | D:3      | Killed Terence
  2261 | D:3      | Reached skill level 5 in Conjurations
  2261 | D:3      | Reached XP level 4. HP: 16/33 MP: 0/8
  3290 | D:4      | Reached XP level 5. HP: 36/38 MP: 4/9
  3434 | D:4      | Reached skill level 6 in Conjurations
  3547 | D:4      | Noticed an ogre
  3562 | D:4      | Killed an ogre
  3562 | D:4      | Reached XP level 6. HP: 24/45 MP: 5/11
  3728 | D:4      | Noticed an ogre
  3737 | D:4      | Killed an ogre
  4279 | D:5      | Entered Level 5 of the Dungeon
  4291 | D:5      | Reached skill level 7 in Conjurations
  4368 | D:5      | Your scales start taking on a weird mottled colour.
  4368 | D:5      | Reached XP level 7. HP: 47/50 MP: 8/13
  4374 | D:5      | Found a sparkling altar of Nemelex Xobeh.
  4376 | D:5      | Found a stormy altar of Qazlal.
  4396 | D:5      | Quit the game

Dungeon Overview and Level Annotations

Branches:
Dungeon (5/15)
 Temple: D:4-7

Altars:
Ashenzari
Fedhas
Nemelex Xobeh
Qazlal


Message History

You feel more buoyant.
Drink which item? (? for menu, Esc to quit)
It was a potion of heal wounds.
You feel much better.
Drink which item? (? for menu, Esc to quit)
It was a potion of haste.
You feel yourself speed up.
You are very lightly contaminated with residual magic.
Drink which item? (? for menu, Esc to quit)
You feel as though your hastened speed will last longer.
Drink which item? (? for menu, Esc to quit)
It was a potion of might.
You feel very mighty all of a sudden.
Drink which item? (? for menu, Esc to quit)
You feel mightier all of a sudden.
Drink which item? (? for menu, Esc to quit)
It was a potion of poison.
That liquid tasted very nasty...
You are poisoned.
You feel sick.
Drink which item? (? for menu, Esc to quit)
Why would you want to do that?
Drink which item? (? for menu, Esc to quit)
It was a potion of resistance.
You feel protected.
You feel sick.
Drop what? 23/52 slots (_ for help) (? for menu, Esc to quit)
You drop a potion of poison.
You feel sick.
Drink which item? (? for menu, Esc to quit)
It was a potion of curing.
You feel better.
Drink which item? (? for menu, Esc to quit)
It was a potion of magic.
Magic courses through your body.
Drink which item? (? for menu, Esc to quit)
It was a potion of brilliance.
You feel clever all of a sudden.
Drink which item? (? for menu, Esc to quit)
It was a potion of cancellation.
Your magical effects are unravelling.
Your magical contamination has completely faded away.
You feel magically purged.
Your resistance to elements expires.
You feel yourself slow down.
You feel a little less mighty now.
You feel a little less clever now.
Are you sure you want to abandon this character and quit the game? (Confirm with "yes".)

There were no monsters in sight!

Vanquished Creatures
  2 ogres (D:4)
  A centaur (D:5)
  A centaur zombie (D:5)
  An orc wizard (D:4)
  Terence (D:3)
  2 worker ants (D:4)
  7 adders
  An ooze (D:4)
  An adder skeleton (D:4)
  2 worms
  3 giant geckos
  4 orcs (D:4)
  4 giant cockroaches
  9 hobgoblins
  2 jackals (D:1)
  A ball python (D:2)
  8 bats
  3 giant newts
  2 goblins
  7 kobolds
  A quokka skeleton (D:4)
  12 rats
75 creatures vanquished.

Action                   |  1- 3 |  4- 6 |  7- 9 || total
-------------------------+-------+-------+-------++-------
Melee: Unarmed           |    18 |       |       ||    18
       Mace              |    18 |    36 |       ||    54
       Whip              |       |    18 |       ||    18
 Fire: Blowgun           |       |     9 |       ||     9
 Cast: Magic Dart        |    46 |    15 |       ||    61
       Searing Ray       |     6 |    12 |       ||    18
  Use: Potion            |       |       |    13 ||    13
 Stab: Distracted        |       |     1 |       ||     1
       Sleeping          |       |     1 |       ||     1
  Eat: Chunk             |     5 |     7 |       ||    12

Vault maps used:
D:1:      onia_arrival_pentagram
D:2:      fedhas_altar_2
D:3:      first_bread, cheibrodos_ashenzari_chains, uniq_terence
D:5:      minitemple
